 Dungeon Crawl Stone Soup version 0.18.1-48-g4cf74bf (webtiles) character file.

459 Gargoyl the Covered (level 6, -2/48 HPs)
             Began as a Demonspawn Abyssal Knight on Sept 8, 2016.
             Was a Priest of Lugonu.
             Slain by an iguana (9 damage)
             ... on level 5 of the Dungeon.
             The game lasted 00:10:04 (4565 turns).

Gargoyl the Covered (Demonspawn Abyssal Knight)     Turns: 4565, Time: 00:10:05

Health: -2/48      AC: 14    Str: 15    XL:     6   Next: 78%
Magic:  7/7        EV:  7    Int: 13    God:    Lugonu [***...]
Gold:   218        SH:  0    Dex: 12    Spells: 0 memorised, 5 levels left

rFire  . . .     SeeInvis .     a - +1 hand axe
rCold  . . .     Gourm    .     q - +0 chain mail
rNeg   . . .     Faith    .     (no shield)
rPois  .         Spirit   .     D - +0 helmet
rElec  .         Dismiss  .     u - +0 cloak
rCorr  .         Reflect  .     m - +0 pair of gloves
SustAt .         Harm     .     i - +0 pair of boots
MR     .....                    f - amulet of magic regeneration
Stlth  ..........               (no ring)
                                (no ring)

@: not resistant to hostile enchantments, extremely unstealthy
A: hooves 1, powered by death 2
a: Depart the Abyss, Bend Space, Banish, Renounce Religion


You were on level 5 of the Dungeon.
You worshipped Lugonu.
Lugonu was most pleased with you.
You were hungry.

You visited 1 branch of the dungeon, and saw 5 of its levels.
You visited the Abyss 1 time.

You collected 218 gold pieces.

Inventory:

Hand Weapons
 a - a +1 hand axe (weapon)
 C - a +0 spear
Armour
 i - a +0 pair of boots (worn)
 m - a +0 pair of gloves (worn)
 q - a +0 chain mail (worn)
 u - a +0 cloak (worn)
 D - a +0 helmet (worn)
Jewellery
 f - an amulet of magic regeneration (around neck)
Wands
 e - a wand of polymorph (15/24)
 y - a wand of digging (11/24)
Scrolls
 d - a scroll of vulnerability {unknown}
 g - 2 scrolls of remove curse {unknown}
 j - a scroll of recharging {unknown}
 k - 3 scrolls of identify
 l - a scroll of magic mapping {unknown}
 n - 2 scrolls of noise {unknown}
 o - a scroll of enchant weapon {unknown}
 p - 2 scrolls of random uselessness {unknown}
 r - a scroll of fog {unknown}
 t - a scroll of fear {unknown}
 x - 3 scrolls of teleportation {unknown}
 F - a scroll of enchant armour {unknown}
Potions
 w - a potion of magic {unknown}
 z - a potion of mutation {unknown}
 A - a potion of heal wounds {unknown}
 B - a potion of cure mutation {unknown}
 E - a potion of berserk rage {unknown}
Comestibles
 b - 2 meat rations
 c - 5 bread rations
 h - a beef jerky
 s - a royal jelly
 v - 7 fruits


   Skills:
 + Level 4.0 Fighting
 + Level 3.1 Axes
 * Level 4.4 Armour
 + Level 3.2 Dodging
 + Level 0.2 Stealth
 + Level 2.5 Invocations


You had 5 spell levels left.
You didn't know any spells.

Dungeon Overview and Level Annotations

Branches:
Dungeon (5/15)
 Temple: D:4-7

Altars:
Dithmenos
Elyvilon
Fedhas
Kikubaaqudgha
Nemelex Xobeh
Pakellas
Ru
Sif Muna

Shops:
D:5 (


Innate Abilities, Weirdness & Mutations

You have large cloven feet.
You regenerate health from kills.


Message History

The iguana bites you!
* * * LOW HITPOINT WARNING * * *
You closely miss the iguana.
The iguana is heavily wounded.
The iguana bites you but does no damage.
You barely miss the iguana.
The iguana is heavily wounded.
The iguana barely misses you.
You hit the iguana.
The iguana is heavily wounded.
The iguana hisses menacingly.
The iguana bites you.
* * * LOW HITPOINT WARNING * * *
You hit the iguana but do no damage.
The iguana is heavily wounded.
The iguana barely misses you.
You hit the iguana.
The iguana is severely wounded.
The iguana bites you!
You die...

#..####.#.#.#.#####.#
#.(# ##..###.........
#..###....#.........#
#......#...##########
##.###...#.#
#.####.##.####
#####.............
...∩....##.....###
###....@.......#
###..l#####..# ##.$#
..# #..# .# ...# .<
..... .# #.#.. #.#.#.


You could see an iguana.

Vanquished Creatures
  A centaur (D:4)
  An orc priest (D:4)
  3 orc wizards
  Ijyb (D:3)
  An iguana (D:4)
  A worker ant (D:4)
  Robin (D:3)
  A gnoll (D:3)
  7 adders
  2 oozes
  A worm (D:2)
  A dart slug (D:2)
  6 giant geckos
  6 orcs (D:4)
  5 giant cockroaches
  21 goblins
  6 hobgoblins
  9 jackals
  4 kobolds
  2 ball pythons (D:1)
  8 bats
  2 giant newts
  5 rats
95 creatures vanquished.

Vanquished Creatures (others)
  A human (D:2)
  An orc wizard (D:3)
2 creatures vanquished.

Grand Total: 97 creatures vanquished

Notes
Turn   | Place    | Note
--------------------------------------------------------------
     0 | Abyss:1  | Gargoyl the Demonspawn Abyssal Knight began the quest for the Orb.
     0 | Abyss:1  | Reached XP level 1. HP: 18/18 MP: 2/2
     6 | Abyss:1  | Found a corrupted altar of Lugonu.
    59 | Abyss:2  | Noticed a worldbinder
    81 | Abyss:2  | Noticed a wretched star
    84 | D:1      | Escaped the Abyss
   708 | D:1      | Reached * piety under Lugonu
   713 | D:1      | Gained mutation: You regenerate a little health from kills. [demonic ancestry]
   713 | D:1      | Reached XP level 2. HP: 23/24 MP: 3/3
   770 | D:1      | Reached skill level 1 in Dodging
  1132 | D:1      | Gained mutation: You regenerate health from kills. [demonic ancestry]
  1132 | D:1      | Reached XP level 3. HP: 28/29 MP: 4/4
  1607 | D:2      | Found a shadowy altar of Dithmenos.
  1732 | D:2      | Found a sparkling altar of Nemelex Xobeh.
  1978 | D:2      | Reached ** piety under Lugonu
  2043 | D:2      | Found an ancient bone altar of Kikubaaqudgha.
  2044 | D:2      | Noticed a human
  2047 | D:2      | Killed a human
  2134 | D:2      | Reached XP level 4. HP: 35/35 MP: 5/5
  2564 | D:3      | Noticed Ijyb
  2594 | D:3      | Killed Ijyb
  2897 | D:3      | Gained mutation: You have large cloven feet. [demonic ancestry]
  2897 | D:3      | Reached XP level 5. HP: 41/41 MP: 6/6
  2973 | D:3      | Noticed Robin
  2994 | D:3      | Killed Robin
  3053 | D:3      | Found a deep blue altar of Sif Muna.
  3679 | D:4      | Reached *** piety under Lugonu
  3683 | D:4      | HP: 2/42 [orc wizard/magic dart (5)]
  3686 | D:4      | Reached XP level 6. HP: 17/48 MP: 7/7
  3863 | D:4      | Found an oddly glowing altar of Pakellas.
  4077 | D:4      | Found a blossoming altar of Fedhas.
  4078 | D:4      | Found a white marble altar of Elyvilon.
  4281 | D:4      | Found a sacrificial altar of Ru.
  4481 | D:5      | Entered Level 5 of the Dungeon
  4537 | D:5      | Found Tycycik's Antique Weapon Boutique.
  4565 | D:5      | Slain by an iguana

Skill      XL: |  1  2  3  4  5  6 |
---------------+-------------------+-----
Axes           | 2 3 |  3.1
Armour         | 2 3 4 |  4.4
Dodging        | 1 2 3 |  3.2
Fighting       | 4 |  4.0
Stealth        | |  0.2
Invocations    | |  2.5

Action                   |  1- 3 |  4- 6 || total
-------------------------+-------+-------++-------
Melee: Hand axe          |   144 |   273 ||   417
       Spear             |       |     7 ||     7
Invok: Depart the Abyss  |     1 |       ||     1
  Use: Potion            |       |     3 ||     3
       Scroll            |       |     1 ||     1
  Eat: Chunk             |     3 |     9 ||    12
Armor: Leather armour    |     3 |       ||     3
       Ring mail         |    71 |   136 ||   207
       Chain mail        |       |    31 ||    31
Dodge: Dodged            |   100 |   183 ||   283
